Atlantic City Gamblers vs Abbotsford Heat
Created - Friday, May 5, 2023 at 07:03
Goals
|
| Atlantic City Gamblers |
2 |
4 |
1 |
7 |
| Abbotsford Heat |
0 |
0 |
2 |
2 |
|
Shots
|
| Atlantic City Gamblers |
16 |
15 |
6 |
37 |
| Abbotsford Heat |
1 |
7 |
11 |
19 |
|
1st period
1. Atlantic City Gamblers , Boris Katchouk 19 (Cam Dineen 11, Jean-Luc Foudy 20) at 1:59
2. Atlantic City Gamblers , Cam Dineen 2 (Nils Hoglander 40, Luke Kunin 39) at 5:20 (PP)
Penalties :
Dennis Gilbert (ABH) for Tripping (Minor) at 3:57, Alex Limoges (ABH) for Fighting (Major) at 5:29, Thomas Harley (ACG) for Fighting (Major) at 5:29, Dennis Gilbert (ABH) for Elbowing (Minor) at 8:36, Filip Chlapik (ABH) for Roughing (Minor) at 19:37
2nd period
3. Atlantic City Gamblers , Cody Glass 28 (Luke Kunin 40) at 0:39 (PP)
4. Atlantic City Gamblers , Cody Glass 29 (Nils Hoglander 41) at 5:04
5. Atlantic City Gamblers , Boris Katchouk 20 (Yegor Chinakhov 25, Jean-Luc Foudy 21) at 5:55 (PP)
6. Atlantic City Gamblers , Boris Katchouk 21 (Jean-Luc Foudy 22, Yegor Chinakhov 26) at 19:23
Penalties :
Vincent Desharnais (ABH) for High sticking (Minor) at 5:52, Dennis Gilbert (ABH) for High sticking (Minor) at 11:42, Cole Perfetti (ABH) for Fighting (Major) at 19:30, Cody Glass (ACG) for Fighting (Major) at 19:30
3rd period
7. Abbotsford Heat , Cole Perfetti 17 (Bobby Brink 27, Yakov Trenin 31) at 8:28 (PP)
8. Atlantic City Gamblers , Cody Glass 30 (Nils Hoglander 42) at 9:27
9. Abbotsford Heat , Bobby Brink 31 (Wyatt Newpower 6, Cole Perfetti 29) at 13:25
Penalties :
Shane Pinto (ABH) for Interference (Minor) at 1:57, Vincent Desharnais (ABH) for Fighting (Major) at 8:16, Luke Kunin (ACG) for Fighting (Major) at 8:16, Egor Sokolov (ACG) for Hooking (Minor) at 8:23, Boris Katchouk (ACG) for Hooking (Minor) at 14:48
Goalie Stats
Tuukka Rask (ACG), 17 saves from 19 shots - (0.895), W, 12-12-4, 60:00 minutes
Dustin Wolf (ABH), 30 saves from 37 shots - (0.811), L, 8-12-3, 60:00 minutes
Players Stats for Atlantic City Gamblers
Player Name G A P +/- PIM S H SB GA TA FO MP PP MP PK MP
------------------------------------------------------------------------------------
Alex Beaucage 0 0 0 0 0 2 2 0 0 1 0/0 12:31 0:13 0:00
Boris Katchouk 3 0 3 2 2 7 2 0 1 1 0/0 18:22 4:13 0:00
Callan Foote 0 0 0 3 0 2 3 1 0 2 0/0 22:41 3:52 1:08
Cam Dineen 1 1 2 0 0 2 0 1 0 1 0/0 22:40 4:33 0:56
Cody Glass 3 0 3 2 5 5 2 0 2 0 1/1 17:28 3:37 1:02
Egor Sokolov 0 0 0 1 2 3 3 0 1 0 0/4 14:05 0:22 0:00
Jakub Lauko 0 0 0 0 0 1 0 1 0 0 2/4 12:22 0:00 0:14
Jean-Luc Foudy 0 3 3 2 0 0 2 0 0 0 15/18 18:11 4:13 0:00
Layton Ahac 0 0 0 -1 0 0 0 0 0 0 0/0 9:59 0:00 0:00
Luke Kunin 0 2 2 1 5 0 1 0 0 1 5/15 17:01 4:12 0:58
Michael Vukojevic 0 0 0 0 0 1 0 0 0 0 0/0 14:39 0:00 0:00
Nick Henry 0 0 0 -1 0 0 3 0 0 0 2/3 9:59 0:00 0:00
Nils Hoglander 0 3 3 2 0 3 0 0 0 1 1/3 18:47 4:12 0:57
Ronald Attard 0 0 0 0 0 4 1 1 0 0 0/0 22:40 4:33 0:56
Thomas Harley 0 0 0 0 5 0 1 1 1 0 0/0 13:24 0:00 0:00
Ty Smith 0 0 0 3 0 0 2 2 1 0 0/0 23:21 3:52 1:08
Xavier Bernard 0 0 0 -1 0 0 1 0 0 0 0/0 10:33 0:00 0:00
Yegor Chinakhov 0 2 2 2 0 7 4 1 0 1 1/1 19:08 4:13 0:57
Players Stats for Abbotsford Heat
Player Name G A P +/- PIM S H SB GA TA FO MP PP MP PK MP
------------------------------------------------------------------------------------
Alex Limoges 0 0 0 0 5 2 1 0 0 0 0/0 10:22 0:00 0:04
Benoit-Olivier Groulx 0 0 0 0 0 0 0 1 0 0 1/6 12:19 0:00 1:18
Bobby Brink 1 1 2 -2 0 5 2 0 0 0 2/5 21:23 1:11 2:55
Cole Perfetti 1 1 2 -2 5 4 1 2 0 0 1/1 19:22 1:11 2:04
Cole Sillinger 0 0 0 -1 0 0 0 1 1 0 6/7 21:13 0:53 5:13
Daniil Miromanov 0 0 0 -1 0 0 0 0 0 1 0/0 14:36 0:00 0:00
Dennis Gilbert 0 0 0 -2 6 0 2 0 0 1 0/0 16:39 0:41 1:01
Filip Chlapik 0 0 0 0 2 0 0 0 0 0 0/0 9:59 0:00 0:27
Gabriel Fortier 0 0 0 0 0 0 3 0 1 0 0/0 7:07 0:00 0:00
Jacob Peterson 0 0 0 0 0 2 1 0 1 0 0/0 14:51 0:00 0:00
Lane Pederson 0 0 0 -1 0 2 4 0 1 0 1/1 14:59 0:53 0:00
Michael Anderson 0 0 0 -1 0 1 3 1 0 0 0/0 27:46 1:23 5:32
Rafael Harvey-Pinard 0 0 0 -1 0 0 2 0 0 1 1/1 14:59 0:53 0:00
Ryan Merkley 0 0 0 -1 0 1 0 0 2 1 0/0 27:20 1:23 5:09
Shane Pinto 0 0 0 0 2 0 1 0 0 0 0/0 3:30 0:00 1:03
Vincent Desharnais 0 0 0 -1 7 1 1 0 0 0 0/0 17:13 0:41 3:16
Wyatt Newpower 0 1 1 0 0 1 0 3 0 2 0/0 15:34 0:00 1:52
Yakov Trenin 0 1 1 -2 0 0 2 2 2 0 10/28 22:18 1:11 3:50
3 Stars
1 - Boris Katchouk (ACG)
2 - Cody Glass (ACG)
3 - Jean-Luc Foudy (ACG)
Power Play
Atlantic City Gamblers - 3 on 6 Attempt(s) - 50.00%
Abbotsford Heat - 1 on 2 Attempt(s) - 50.00%
Penalty Kill
Atlantic City Gamblers - 1 on 2 Attempt(s) - 50.00%
- Score 0 goal in Penalty Kill
Abbotsford Heat - 3 on 6 Attempt(s) - 50.00%
- Score 0 goal in Penalty Kill
Team Stat
Atlantic City Gamblers - Hits : 27 - Faceoff Wins : 27 - Blocked Shots : 8 - Penalty Minutes : 19
Abbotsford Heat - Hits : 23 - Faceoff Wins : 22 - Blocked Shots : 10 - Penalty Minutes : 27
Official
Referees : Marc Joannette and Frederick L'Ecuyer
Linesman : Ryan Galloway and Devin Berg
Game Notes
1:59 of 1st period - Atlantic City Gamblers goal is going for a video replay. After video review, Goal.
Alex Limoges and Thomas Harley fight to a draw at 5:29 of 1st period
Boris Katchouk has scored a Hat Trick!
Cole Perfetti beats up Cody Glass at 19:30 of 2nd period
Vincent Desharnais beats up Luke Kunin at 8:16 of 3rd period
Cody Glass has scored a Hat Trick!
Atlantic City Gamblers
5 vs 5 Forward
Center Left Wing Right Wing Time % Phy DF OF
1 Luke Kunin Nils Hoglander Cody Glass 30 1 2 2
2 Jean-Luc Foudy Boris Katchouk Yegor Chinakhov 30 1 2 2
3 Jakub Lauko Egor Sokolov Alex Beaucage 25 1 2 2
4 Nick Henry Layton Ahac Xavier Bernard 15 1 2 2
5 vs 5 Defense
Defense Defense Time % Phy DF OF
1 Ty Smith Callan Foote 35 1 2 2
2 Ronald Attard Cam Dineen 35 1 2 2
3 Thomas Harley Michael Vukojevic 30 1 2 2
4 Ty Smith Callan Foote 0 1 2 2
PowerPlay Forward
Center Left Wing Right Wing Time % Phy DF OF
1 Luke Kunin Nils Hoglander Cody Glass 50 1 2 2
2 Jean-Luc Foudy Boris Katchouk Yegor Chinakhov 50 1 2 2
PowerPlay Defense
Defense Defense Time % Phy DF OF
1 Ty Smith Callan Foote 50 1 2 2
2 Ronald Attard Cam Dineen 50 1 2 2
Penalty Kill 4 Players Forward
Center Wing Time % Phy DF OF
1 Luke Kunin Cody Glass 50 1 2 2
2 Nils Hoglander Yegor Chinakhov 50 1 2 2
Penalty Kill 4 Players Defense
Defense Defense Time % Phy DF OF
1 Ty Smith Callan Foote 50 1 2 2
2 Ronald Attard Cam Dineen 50 1 2 2
Penalty Kill - 3 Players Forward
Forward Time % Phy DF OF
1 Luke Kunin 50 1 2 2
2 Cody Glass 50 1 2 2
Penalty Kill - 3 Players Defense
Defense Defense Time % Phy DF OF
1 Ty Smith Callan Foote 50 1 2 2
2 Ronald Attard Cam Dineen 50 1 2 2
4 vs 4 Forward
Center Wing Time % Phy DF OF
1 Luke Kunin Cody Glass 50 1 2 2
2 Nils Hoglander Yegor Chinakhov 50 1 2 2
4 vs 4 Defense
Defense Defense Time % Phy DF OF
1 Ty Smith Callan Foote 50 1 2 2
2 Ronald Attard Cam Dineen 50 1 2 2
Last Minutes Offensive
Center Left Wing Right Wing Defense Defense
Luke Kunin Nils Hoglander Cody Glass Ty Smith Callan Foote
Last Minutes Defensive
Center Left Wing Right Wing Defense Defense
Luke Kunin Nils Hoglander Cody Glass Ty Smith Callan Foote
Goaltenders
Starting : Tuukka Rask
Backup : Isaiah Saville
Extra Forwards
Normal : Egor Sokolov, Alex Beaucage, Jakub Lauko - PP : Egor Sokolov, Alex Beaucage - PK : Jakub Lauko
Extra Defensemen
Normal : Thomas Harley, Michael Vukojevic, Xavier Bernard - PP : Thomas Harley - PK : Michael Vukojevic, Xavier Bernard
Penalty Shots
Luke Kunin, Cody Glass, Nils Hoglander, Yegor Chinakhov, Boris Katchouk
Abbotsford Heat
5 vs 5 Forward
Center Left Wing Right Wing Time % Phy DF OF
1 Yakov Trenin Cole Perfetti Bobby Brink 40 1 2 2
2 Cole Sillinger Rafael Harvey-Pinard Lane Pederson 30 1 2 2
3 Benoit-Olivier Groulx Alex Limoges Jacob Peterson 20 1 2 2
4 Jacob Peterson Gabriel Fortier Filip Chlapik 10 1 2 2
5 vs 5 Defense
Defense Defense Time % Phy DF OF
1 Michael Anderson Ryan Merkley 40 1 2 2
2 Vincent Desharnais Dennis Gilbert 30 1 2 2
3 Daniil Miromanov Wyatt Newpower 20 1 2 2
4 Michael Anderson Ryan Merkley 10 1 2 2
PowerPlay Forward
Center Left Wing Right Wing Time % Phy DF OF
1 Yakov Trenin Cole Perfetti Bobby Brink 60 1 2 2
2 Cole Sillinger Rafael Harvey-Pinard Lane Pederson 40 1 2 2
PowerPlay Defense
Defense Defense Time % Phy DF OF
1 Michael Anderson Ryan Merkley 60 1 2 2
2 Vincent Desharnais Dennis Gilbert 40 1 2 2
Penalty Kill 4 Players Forward
Center Wing Time % Phy DF OF
1 Yakov Trenin Cole Sillinger 60 1 2 2
2 Bobby Brink Cole Perfetti 40 1 2 2
Penalty Kill 4 Players Defense
Defense Defense Time % Phy DF OF
1 Michael Anderson Ryan Merkley 60 1 2 2
2 Vincent Desharnais Dennis Gilbert 40 1 2 2
Penalty Kill - 3 Players Forward
Forward Time % Phy DF OF
1 Yakov Trenin 60 1 2 2
2 Cole Sillinger 40 1 2 2
Penalty Kill - 3 Players Defense
Defense Defense Time % Phy DF OF
1 Michael Anderson Ryan Merkley 60 1 2 2
2 Vincent Desharnais Dennis Gilbert 40 1 2 2
4 vs 4 Forward
Center Wing Time % Phy DF OF
1 Yakov Trenin Cole Sillinger 60 1 2 2
2 Bobby Brink Cole Perfetti 40 1 2 2
4 vs 4 Defense
Defense Defense Time % Phy DF OF
1 Michael Anderson Ryan Merkley 60 1 2 2
2 Vincent Desharnais Dennis Gilbert 40 1 2 2
Last Minutes Offensive
Center Left Wing Right Wing Defense Defense
Yakov Trenin Cole Perfetti Bobby Brink Michael Anderson Ryan Merkley
Last Minutes Defensive
Center Left Wing Right Wing Defense Defense
Yakov Trenin Cole Perfetti Bobby Brink Michael Anderson Ryan Merkley
Goaltenders
Starting : Dustin Wolf
Backup : Pheonix Copley
Extra Forwards
Normal : Filip Chlapik, Shane Pinto, Benoit-Olivier Groulx - PP : Filip Chlapik, Shane Pinto - PK : Benoit-Olivier Groulx
Extra Defensemen
Normal : Daniil Miromanov, Wyatt Newpower, Vincent Desharnais - PP : Daniil Miromanov - PK : Wyatt Newpower, Vincent Desharnais
Penalty Shots
Yakov Trenin, Cole Sillinger, Bobby Brink, Cole Perfetti, Benoit-Olivier Groulx
% Time on Ice - Atlantic City Gamblers
Lines # - Real PCT - Wanted PCT - Time Play
Normal Forward
1 - 28% - 30% - 13:50
2 - 28% - 30% - 13:58
3 - 24% - 25% - 11:44
4 - 20% - 15% - 9:59
Normal Defense
1 - 35% - 35% - 17:08
2 - 35% - 35% - 17:11
3 - 30% - 30% - 14:39
4 - 1% - 0% - 0:33
PP Forward
1 - 50% - 50% - 4:12
2 - 50% - 50% - 4:13
PP Defense
1 - 46% - 50% - 3:52
2 - 54% - 50% - 4:33
PK Forward
1 - 54% - 50% - 1:07
2 - 46% - 50% - 0:57
PK Defense
1 - 55% - 50% - 1:08
2 - 45% - 50% - 0:56
PK3 Forward
1 - 0% - 50%
2 - 0% - 50%
PK3 Defense
1 - 0% - 50%
2 - 0% - 50%
44 Forward
1 - 0% - 50%
2 - 0% - 50%
44 Defense
1 - 0% - 50%
2 - 0% - 50%
Last Minute Offensive - 0:00
Last Minute Defensive - 0:00
Total
Forward - 60:00
Defense - 60:00
|
% Time on Ice - Abbotsford Heat
Lines # - Real PCT - Wanted PCT - Time Play
Normal Forward
1 - 35% - 40% - 17:26
2 - 28% - 30% - 14:06
3 - 22% - 20% - 10:52
4 - 14% - 10% - 7:07
Normal Defense
1 - 38% - 40% - 18:54
2 - 33% - 30% - 16:30
3 - 25% - 20% - 12:17
4 - 4% - 10% - 1:50
PP Forward
1 - 57% - 60% - 1:11
2 - 43% - 40% - 0:53
PP Defense
1 - 67% - 60% - 1:23
2 - 33% - 40% - 0:41
PK Forward
1 - 65% - 60% - 5:30
2 - 35% - 40% - 2:55
PK Defense
1 - 61% - 60% - 5:07
2 - 39% - 40% - 3:18
PK3 Forward
1 - 0% - 60%
2 - 0% - 40%
PK3 Defense
1 - 0% - 60%
2 - 0% - 40%
44 Forward
1 - 0% - 60%
2 - 0% - 40%
44 Defense
1 - 0% - 60%
2 - 0% - 40%
Last Minute Offensive - 0:00
Last Minute Defensive - 0:00
Total
Forward - 60:00
Defense - 60:00
|
Play-by-Play
1st period
0:01 of 1st period - Yakov Trenin wins face-off versus Luke Kunin in neutral zone.
0:26 of 1st period - Michael Anderson is hit by Callan Foote and loses puck.
0:51 of 1st period - Slapshot by Thomas Harley.
0:51 of 1st period - Shot Blocked by Michael Anderson.
1:13 of 1st period - Wrist shot by Rafael Harvey-Pinard.
1:13 of 1st period - Shot Hit the Post.
1:19 of 1st period - Snap shot by Jakub Lauko.
1:19 of 1st period - Shot Misses the Net.
1:41 of 1st period - Slapshot by Jacob Peterson.
1:41 of 1st period - Shot Misses the Net.
1:53 of 1st period - Snap shot by Boris Katchouk.
1:53 of 1st period - Stopped by Dustin Wolf with a rebound.
1:55 of 1st period - Snap shot by Jean-Luc Foudy.
1:55 of 1st period - Shot Blocked by Yakov Trenin.
1:57 of 1st period - Slapshot by Cam Dineen.
1:57 of 1st period - Shot Misses the Net.
1:59 of 1st period - Snap shot by Boris Katchouk.
1:59 of 1st period - Atlantic City Gamblers goal is going for a video replay.
1:59 of 1st period - The goal is good.
1:59 of 1st period - Goal by Boris Katchouk - Atlantic City Gamblers : 1 - Abbotsford Heat : 0.
2:00 of 1st period - Jakub Lauko wins face-off versus Yakov Trenin in neutral zone.
2:07 of 1st period - Snap shot by Egor Sokolov.
2:07 of 1st period - Stopped by Dustin Wolf with a rebound.
2:09 of 1st period - Slapshot by Callan Foote.
2:09 of 1st period - Stopped by Dustin Wolf without a rebound.
2:10 of 1st period - Cole Perfetti wins face-off versus Egor Sokolov in Abbotsford Heat zone.
2:25 of 1st period - Slapshot by Ty Smith.
2:25 of 1st period - Shot Blocked by Cole Perfetti.
2:27 of 1st period - Slapshot by Alex Beaucage.
2:27 of 1st period - Stopped by Dustin Wolf with a rebound.
2:39 of 1st period - Wrist shot by Egor Sokolov.
2:39 of 1st period - Shot Blocked by Yakov Trenin.
3:28 of 1st period - Slapshot by Cole Perfetti.
3:28 of 1st period - Stopped by Tuukka Rask with a rebound.
3:48 of 1st period - Wrist shot by Egor Sokolov.
3:48 of 1st period - Deflect By Bobby Brink.
3:48 of 1st period - Shot Blocked by Wyatt Newpower.
3:48 of 1st period - Puck is out of play.
3:49 of 1st period - Jean-Luc Foudy wins face-off versus Benoit-Olivier Groulx in Abbotsford Heat zone.
3:57 of 1st period - Minor Penalty to Dennis Gilbert for Tripping.
3:58 of 1st period - Benoit-Olivier Groulx wins face-off versus Luke Kunin in Abbotsford Heat zone.
4:14 of 1st period - Snap shot by Luke Kunin.
4:14 of 1st period - Shot Misses the Net.
4:24 of 1st period - Michael Anderson is hit by Cody Glass and loses puck.
4:45 of 1st period - Snap shot by Nils Hoglander.
4:45 of 1st period - Deflect By Cody Glass.
4:45 of 1st period - Stopped by Dustin Wolf with a rebound.
4:51 of 1st period - Snap shot by Nils Hoglander.
4:51 of 1st period - Shot Misses the Net.
5:02 of 1st period - Slapshot by Nils Hoglander.
5:02 of 1st period - Shot Misses the Net.
5:18 of 1st period - Slapshot by Nils Hoglander.
5:18 of 1st period - Stopped by Dustin Wolf with a rebound.
5:20 of 1st period - Slapshot by Cam Dineen.
5:20 of 1st period - Goal by Cam Dineen - Atlantic City Gamblers : 2 - Abbotsford Heat : 0.
5:21 of 1st period - Jean-Luc Foudy wins face-off versus Benoit-Olivier Groulx in neutral zone.
5:24 of 1st period - Snap shot by Yegor Chinakhov.
5:24 of 1st period - Stopped by Dustin Wolf without a rebound.
5:25 of 1st period - Jean-Luc Foudy wins face-off versus Benoit-Olivier Groulx in Abbotsford Heat zone.
5:29 of 1st period - Alex Limoges and Thomas Harley fight to a draw.
5:29 of 1st period - Penalty to Alex Limoges for Fighting.
5:29 of 1st period - Penalty to Thomas Harley for Fighting.
5:30 of 1st period - Cole Sillinger wins face-off versus Nils Hoglander in Abbotsford Heat zone.
5:55 of 1st period - Cam Dineen is hit by Vincent Desharnais and loses puck.
6:16 of 1st period - Wrist shot by Egor Sokolov.
6:16 of 1st period - Stopped by Dustin Wolf with a rebound.
6:42 of 1st period - Ryan Merkley is hit by Callan Foote and loses puck.
7:25 of 1st period - Snap shot by Boris Katchouk.
7:25 of 1st period - Stopped by Dustin Wolf with a rebound.
7:37 of 1st period - Cole Sillinger is hit by Egor Sokolov and loses puck.
8:36 of 1st period - Minor Penalty to Dennis Gilbert for Elbowing.
8:37 of 1st period - Jean-Luc Foudy wins face-off versus Yakov Trenin in Abbotsford Heat zone.
8:40 of 1st period - Wrist shot by Yegor Chinakhov.
8:40 of 1st period - Stopped by Dustin Wolf with a rebound.
8:42 of 1st period - Snap shot by Yegor Chinakhov.
8:42 of 1st period - Stopped by Dustin Wolf without a rebound.
8:43 of 1st period - Jean-Luc Foudy wins face-off versus Yakov Trenin in Abbotsford Heat zone.
8:49 of 1st period - Snap shot by Yegor Chinakhov.
8:49 of 1st period - Stopped by Dustin Wolf without a rebound.
8:50 of 1st period - Jean-Luc Foudy wins face-off versus Yakov Trenin in Abbotsford Heat zone.
9:09 of 1st period - Bobby Brink is hit by Boris Katchouk and loses puck.
10:29 of 1st period - Penalty to Alex Limoges is over, Alex Limoges is back on ice.
10:36 of 1st period - Penalty to Dennis Gilbert is over, Dennis Gilbert is back on ice.
10:46 of 1st period - Jacob Peterson is hit by Cody Glass and loses puck.
11:17 of 1st period - Lane Pederson is hit by Alex Beaucage and loses puck.
11:59 of 1st period - Ronald Attard is hit by Gabriel Fortier and loses puck.
12:34 of 1st period - Snap shot by Jacob Peterson.
12:34 of 1st period - Shot Misses the Net.
12:57 of 1st period - Jean-Luc Foudy is hit by Lane Pederson and loses puck.
13:47 of 1st period - Dennis Gilbert is hit by Egor Sokolov.
14:03 of 1st period - Rafael Harvey-Pinard is hit by Luke Kunin and loses puck.
15:00 of 1st period - Thomas Harley is hit by Shane Pinto and loses puck.
16:10 of 1st period - Cam Dineen is hit by Michael Anderson.
16:37 of 1st period - Vincent Desharnais is hit by Nick Henry and loses puck.
17:08 of 1st period - Michael Vukojevic is hit by Bobby Brink and loses puck.
17:34 of 1st period - Nils Hoglander is hit by Michael Anderson and loses puck.
18:07 of 1st period - Jacob Peterson is hit by Alex Beaucage and loses puck.
18:16 of 1st period - Jacob Peterson is hit by Ty Smith and loses puck.
18:52 of 1st period - Xavier Bernard is hit by Gabriel Fortier and loses puck.
19:23 of 1st period - Gabriel Fortier is hit by Yegor Chinakhov and loses puck.
19:37 of 1st period - Minor Penalty to Filip Chlapik for Roughing.
19:38 of 1st period - Jean-Luc Foudy wins face-off versus Bobby Brink in Abbotsford Heat zone.
19:43 of 1st period - Snap shot by Yegor Chinakhov.
19:43 of 1st period - Stopped by Dustin Wolf with a rebound.
19:45 of 1st period - Wrist shot by Boris Katchouk.
19:45 of 1st period - Stopped by Dustin Wolf with a rebound.
19:47 of 1st period - Snap shot by Boris Katchouk.
19:47 of 1st period - Shot Misses the Net.
19:49 of 1st period - Wrist shot by Jean-Luc Foudy.
19:49 of 1st period - Shot Misses the Net.
Goals for this period are 2 for Atlantic City Gamblers vs 0 for Abbotsford Heat.
Shots for this period are 16 for Atlantic City Gamblers vs 1 for Abbotsford Heat.
2nd period
0:01 of 2nd period - Jean-Luc Foudy wins face-off versus Yakov Trenin in neutral zone.
0:06 of 2nd period - Slapshot by Ty Smith.
0:06 of 2nd period - Deflect By Boris Katchouk.
0:06 of 2nd period - Stopped by Dustin Wolf without a rebound.
0:07 of 2nd period - Jean-Luc Foudy wins face-off versus Yakov Trenin in Abbotsford Heat zone.
0:35 of 2nd period - Off-side.
0:36 of 2nd period - Luke Kunin wins face-off versus Bobby Brink in neutral zone.
0:39 of 2nd period - Slapshot by Cody Glass.
0:39 of 2nd period - Goal by Cody Glass - Atlantic City Gamblers : 3 - Abbotsford Heat : 0.
0:40 of 2nd period - Nils Hoglander wins face-off versus Bobby Brink in neutral zone.
0:40 of 2nd period - Luke Kunin is hit by Yakov Trenin and loses puck.
0:56 of 2nd period - Off-side.
0:57 of 2nd period - Jean-Luc Foudy wins face-off versus Cole Sillinger in neutral zone.
1:27 of 2nd period - Nils Hoglander is hit by Dennis Gilbert and loses puck.
1:48 of 2nd period - Wrist shot by Egor Sokolov.
1:48 of 2nd period - Stopped by Dustin Wolf with a rebound.
2:44 of 2nd period - Nils Hoglander is hit by Lane Pederson and loses puck.
3:01 of 2nd period - Cole Perfetti is hit by Thomas Harley and loses puck.
3:10 of 2nd period - Snap shot by Alex Beaucage.
3:10 of 2nd period - Stopped by Dustin Wolf without a rebound.
3:11 of 2nd period - Cole Sillinger wins face-off versus Jean-Luc Foudy in Abbotsford Heat zone.
4:30 of 2nd period - Michael Vukojevic is hit by Rafael Harvey-Pinard and loses puck.
4:43 of 2nd period - Wrist shot by Jacob Peterson.
4:43 of 2nd period - Shot Misses the Net.
5:00 of 2nd period - Icing by Bobby Brink.
5:01 of 2nd period - Cody Glass wins face-off versus Yakov Trenin in Abbotsford Heat zone.
5:04 of 2nd period - Snap shot by Cody Glass.
5:04 of 2nd period - Goal by Cody Glass - Atlantic City Gamblers : 4 - Abbotsford Heat : 0.
5:05 of 2nd period - Yakov Trenin wins face-off versus Luke Kunin in neutral zone.
5:10 of 2nd period - Backhand shot by Bobby Brink.
5:10 of 2nd period - Stopped by Tuukka Rask without a rebound.
5:11 of 2nd period - Yakov Trenin wins face-off versus Luke Kunin in Atlantic City Gamblers zone.
5:12 of 2nd period - Backhand shot by Bobby Brink.
5:12 of 2nd period - Shot Misses the Net.
5:46 of 2nd period - Icing by Yegor Chinakhov.
5:47 of 2nd period - Jean-Luc Foudy wins face-off versus Yakov Trenin in Atlantic City Gamblers zone.
5:47 of 2nd period - Jean-Luc Foudy is hit by Yakov Trenin.
5:52 of 2nd period - Minor Penalty to Vincent Desharnais for High sticking.
5:53 of 2nd period - Jean-Luc Foudy wins face-off versus Yakov Trenin in Abbotsford Heat zone.
5:55 of 2nd period - Wrist shot by Boris Katchouk.
5:55 of 2nd period - Goal by Boris Katchouk - Atlantic City Gamblers : 5 - Abbotsford Heat : 0.
5:56 of 2nd period - Luke Kunin wins face-off versus Yakov Trenin in neutral zone.
6:10 of 2nd period - Snap shot by Bobby Brink.
6:10 of 2nd period - Shot Blocked by Ty Smith.
6:53 of 2nd period - Snap shot by Jakub Lauko.
6:53 of 2nd period - Deflect By Lane Pederson.
6:53 of 2nd period - Stopped by Dustin Wolf with a rebound.
7:05 of 2nd period - Snap shot by Egor Sokolov.
7:05 of 2nd period - Shot Misses the Net.
7:11 of 2nd period - Slapshot by Bobby Brink.
7:11 of 2nd period - Shot Blocked by Ty Smith.
7:39 of 2nd period - Ty Smith is hit by Lane Pederson and loses puck.
8:05 of 2nd period - Layton Ahac is hit by Jacob Peterson and loses puck.
8:46 of 2nd period - Slapshot by Nils Hoglander.
8:46 of 2nd period - Shot Misses the Net.
8:48 of 2nd period - Wrist shot by Ronald Attard.
8:48 of 2nd period - Stopped by Dustin Wolf with a rebound.
8:50 of 2nd period - Snap shot by Boris Katchouk.
8:50 of 2nd period - Shot Blocked by Benoit-Olivier Groulx.
8:52 of 2nd period - Slapshot by Ronald Attard.
8:52 of 2nd period - Stopped by Dustin Wolf with a rebound.
8:54 of 2nd period - Snap shot by Cam Dineen.
8:54 of 2nd period - Shot Blocked by Wyatt Newpower.
8:56 of 2nd period - Slapshot by Michael Vukojevic.
8:56 of 2nd period - Stopped by Dustin Wolf with a rebound.
8:58 of 2nd period - Slapshot by Michael Vukojevic.
8:58 of 2nd period - Shot Misses the Net.
9:35 of 2nd period - Wrist shot by Gabriel Fortier.
9:35 of 2nd period - Shot Misses the Net.
11:20 of 2nd period - Wrist shot by Cole Sillinger.
11:20 of 2nd period - Deflect By Lane Pederson.
11:20 of 2nd period - Stopped by Tuukka Rask without a rebound.
11:21 of 2nd period - Yakov Trenin wins face-off versus Luke Kunin in Atlantic City Gamblers zone.
11:42 of 2nd period - Minor Penalty to Dennis Gilbert for High sticking.
11:43 of 2nd period - Yakov Trenin wins face-off versus Luke Kunin in Abbotsford Heat zone.
13:30 of 2nd period - Luke Kunin is hit by Michael Anderson and loses puck.
13:42 of 2nd period - Penalty to Dennis Gilbert is over, Dennis Gilbert is back on ice.
13:43 of 2nd period - Callan Foote is hit by Dennis Gilbert and loses puck.
13:56 of 2nd period - Snap shot by Alex Limoges.
13:56 of 2nd period - Stopped by Tuukka Rask with a rebound.
14:18 of 2nd period - Layton Ahac is hit by Gabriel Fortier and loses puck.
14:57 of 2nd period - Nick Henry is hit by Rafael Harvey-Pinard and loses puck.
16:03 of 2nd period - Michael Anderson is hit by Egor Sokolov and loses puck.
16:54 of 2nd period - Slapshot by Alex Limoges.
16:54 of 2nd period - Stopped by Tuukka Rask without a rebound.
16:55 of 2nd period - Nick Henry wins face-off versus Benoit-Olivier Groulx in Atlantic City Gamblers zone.
17:07 of 2nd period - Snap shot by Benoit-Olivier Groulx.
17:07 of 2nd period - Shot Misses the Net.
17:22 of 2nd period - Callan Foote is hit by Bobby Brink and loses puck.
18:01 of 2nd period - Daniil Miromanov is hit by Jean-Luc Foudy.
18:05 of 2nd period - Wyatt Newpower is hit by Boris Katchouk and loses puck.
18:26 of 2nd period - Snap shot by Benoit-Olivier Groulx.
18:26 of 2nd period - Shot Misses the Net.
18:28 of 2nd period - Snap shot by Jacob Peterson.
18:28 of 2nd period - Stopped by Tuukka Rask with a rebound.
18:30 of 2nd period - Backhand shot by Vincent Desharnais.
18:30 of 2nd period - Shot Blocked by Yegor Chinakhov.
18:32 of 2nd period - Snap shot by Vincent Desharnais.
18:32 of 2nd period - Stopped by Tuukka Rask without a rebound.
18:33 of 2nd period - Luke Kunin wins face-off versus Yakov Trenin in Atlantic City Gamblers zone.
18:48 of 2nd period - Snap shot by Bobby Brink.
18:48 of 2nd period - Shot Blocked by Ronald Attard.
19:05 of 2nd period - Slapshot by Egor Sokolov.
19:05 of 2nd period - Shot Misses the Net.
19:07 of 2nd period - Slapshot by Ronald Attard.
19:07 of 2nd period - Stopped by Dustin Wolf with a rebound.
19:09 of 2nd period - Wrist shot by Egor Sokolov.
19:09 of 2nd period - Shot Misses the Net.
19:11 of 2nd period - Snap shot by Cam Dineen.
19:11 of 2nd period - Stopped by Dustin Wolf without a rebound.
19:12 of 2nd period - Jean-Luc Foudy wins face-off versus Yakov Trenin in Abbotsford Heat zone.
19:13 of 2nd period - Snap shot by Yegor Chinakhov.
19:13 of 2nd period - Stopped by Dustin Wolf with a rebound.
19:15 of 2nd period - Slapshot by Yegor Chinakhov.
19:15 of 2nd period - Shot Misses the Net.
19:17 of 2nd period - Wrist shot by Boris Katchouk.
19:17 of 2nd period - Shot Blocked by Cole Perfetti.
19:19 of 2nd period - Wrist shot by Jean-Luc Foudy.
19:19 of 2nd period - Shot Misses the Net.
19:21 of 2nd period - Snap shot by Boris Katchouk.
19:21 of 2nd period - Shot Misses the Net.
19:23 of 2nd period - Snap shot by Boris Katchouk.
19:23 of 2nd period - Goal by Boris Katchouk - Atlantic City Gamblers : 6 - Abbotsford Heat : 0.
19:24 of 2nd period - Bobby Brink wins face-off versus Luke Kunin in neutral zone.
19:29 of 2nd period - Wrist shot by Bobby Brink.
19:29 of 2nd period - Stopped by Tuukka Rask with a rebound.
19:30 of 2nd period - Cole Perfetti beats up Cody Glass.
19:30 of 2nd period - Penalty to Cole Perfetti for Fighting.
19:30 of 2nd period - Penalty to Cody Glass for Fighting.
19:31 of 2nd period - Luke Kunin wins face-off versus Yakov Trenin in Atlantic City Gamblers zone.
19:36 of 2nd period - Slapshot by Bobby Brink.
19:36 of 2nd period - Shot Misses the Net.
19:59 of 2nd period - Wrist shot by Yegor Chinakhov.
19:59 of 2nd period - Stopped by Dustin Wolf with a rebound.
Goals for this period are 4 for Atlantic City Gamblers vs 0 for Abbotsford Heat.
Shots for this period are 15 for Atlantic City Gamblers vs 7 for Abbotsford Heat.
3rd period
0:01 of 3rd period - Luke Kunin wins face-off versus Yakov Trenin in neutral zone.
0:51 of 3rd period - Wrist shot by Benoit-Olivier Groulx.
0:51 of 3rd period - Shot Blocked by Callan Foote.
0:53 of 3rd period - Slapshot by Vincent Desharnais.
0:53 of 3rd period - Shot Misses the Net.
1:19 of 3rd period - Daniil Miromanov is hit by Ty Smith and loses puck.
1:40 of 3rd period - Slapshot by Benoit-Olivier Groulx.
1:40 of 3rd period - Shot Misses the Net.
1:42 of 3rd period - Wrist shot by Alex Limoges.
1:42 of 3rd period - Shot Blocked by Thomas Harley.
1:44 of 3rd period - Slapshot by Benoit-Olivier Groulx.
1:44 of 3rd period - Shot Misses the Net.
1:57 of 3rd period - Minor Penalty to Shane Pinto for Interference.
1:58 of 3rd period - Jean-Luc Foudy wins face-off versus Yakov Trenin in Abbotsford Heat zone.
2:53 of 3rd period - Vincent Desharnais is hit by Jean-Luc Foudy and loses puck.
3:04 of 3rd period - Vincent Desharnais is hit by Yegor Chinakhov and loses puck.
3:21 of 3rd period - Slapshot by Ronald Attard.
3:21 of 3rd period - Stopped by Dustin Wolf without a rebound.
3:22 of 3rd period - Bobby Brink wins face-off versus Luke Kunin in Abbotsford Heat zone.
3:33 of 3rd period - Slapshot by Ty Smith.
3:33 of 3rd period - Shot Blocked by Cole Sillinger.
3:35 of 3rd period - Snap shot by Nils Hoglander.
3:35 of 3rd period - Stopped by Dustin Wolf with a rebound.
3:37 of 3rd period - Slapshot by Ty Smith.
3:37 of 3rd period - Shot Misses the Net.
3:57 of 3rd period - Penalty to Shane Pinto is over, Shane Pinto is back on ice.
4:25 of 3rd period - Jakub Lauko is hit by Lane Pederson and loses puck.
5:42 of 3rd period - Wrist shot by Gabriel Fortier.
5:42 of 3rd period - Shot Misses the Net.
5:44 of 3rd period - Backhand shot by Gabriel Fortier.
5:44 of 3rd period - Shot Misses the Net.
6:11 of 3rd period - Jacob Peterson is hit by Nick Henry and loses puck.
6:38 of 3rd period - Snap shot by Cole Perfetti.
6:38 of 3rd period - Deflect By Alex Beaucage.
6:38 of 3rd period - Shot Blocked by Jakub Lauko.
6:38 of 3rd period - Puck is out of play.
6:39 of 3rd period - Yakov Trenin wins face-off versus Nick Henry in Atlantic City Gamblers zone.
6:50 of 3rd period - Wyatt Newpower is hit by Nick Henry and loses puck.
7:23 of 3rd period - Snap shot by Bobby Brink.
7:23 of 3rd period - Deflect By Cole Perfetti.
7:23 of 3rd period - Shot Misses the Net.
7:23 of 3rd period - Puck is out of play.
7:24 of 3rd period - Rafael Harvey-Pinard wins face-off versus Jakub Lauko in Atlantic City Gamblers zone.
7:29 of 3rd period - Slapshot by Rafael Harvey-Pinard.
7:29 of 3rd period - Shot Misses the Net.
7:55 of 3rd period - Jean-Luc Foudy is hit by Alex Limoges and loses puck.
8:10 of 3rd period - Snap shot by Cody Glass.
8:10 of 3rd period - Shot Blocked by Wyatt Newpower.
8:12 of 3rd period - Slapshot by Luke Kunin.
8:12 of 3rd period - Shot Misses the Net.
8:14 of 3rd period - Wrist shot by Cody Glass.
8:14 of 3rd period - Stopped by Dustin Wolf without a rebound.
8:15 of 3rd period - Cole Sillinger wins face-off versus Luke Kunin in Abbotsford Heat zone.
8:15 of 3rd period - Cole Sillinger is hit by Callan Foote.
8:16 of 3rd period - Vincent Desharnais beats up Luke Kunin.
8:16 of 3rd period - Penalty to Vincent Desharnais for Fighting.
8:16 of 3rd period - Penalty to Luke Kunin for Fighting.
8:17 of 3rd period - Yakov Trenin wins face-off versus Egor Sokolov in Abbotsford Heat zone.
8:23 of 3rd period - Minor Penalty to Egor Sokolov for Hooking.
8:24 of 3rd period - Yakov Trenin wins face-off versus Jakub Lauko in Atlantic City Gamblers zone.
8:26 of 3rd period - Slapshot by Cole Perfetti.
8:26 of 3rd period - Stopped by Tuukka Rask with a rebound.
8:28 of 3rd period - Slapshot by Cole Perfetti.
8:28 of 3rd period - Goal by Cole Perfetti - Atlantic City Gamblers : 6 - Abbotsford Heat : 1.
8:29 of 3rd period - Jean-Luc Foudy wins face-off versus Yakov Trenin in neutral zone.
8:51 of 3rd period - Icing by Cole Perfetti.
8:52 of 3rd period - Cole Sillinger wins face-off versus Egor Sokolov in Abbotsford Heat zone.
8:57 of 3rd period - Slapshot by Ryan Merkley.
8:57 of 3rd period - Stopped by Tuukka Rask without a rebound.
8:58 of 3rd period - Cole Sillinger wins face-off versus Egor Sokolov in Atlantic City Gamblers zone.
9:01 of 3rd period - Snap shot by Rafael Harvey-Pinard.
9:01 of 3rd period - Shot Misses the Net.
9:09 of 3rd period - Wrist shot by Lane Pederson.
9:09 of 3rd period - Stopped by Tuukka Rask with a rebound.
9:27 of 3rd period - Snap shot by Cody Glass.
9:27 of 3rd period - Goal by Cody Glass - Atlantic City Gamblers : 7 - Abbotsford Heat : 1.
9:28 of 3rd period - Yakov Trenin wins face-off versus Jean-Luc Foudy in neutral zone.
11:41 of 3rd period - Snap shot by Nils Hoglander.
11:41 of 3rd period - Stopped by Dustin Wolf with a rebound.
12:07 of 3rd period - Snap shot by Cole Perfetti.
12:07 of 3rd period - Shot Misses the Net.
12:09 of 3rd period - Wrist shot by Bobby Brink.
12:09 of 3rd period - Stopped by Tuukka Rask with a rebound.
12:11 of 3rd period - Slapshot by Michael Anderson.
12:11 of 3rd period - Stopped by Tuukka Rask with a rebound.
12:13 of 3rd period - Wrist shot by Bobby Brink.
12:13 of 3rd period - Stopped by Tuukka Rask without a rebound.
12:14 of 3rd period - Jakub Lauko wins face-off versus Yakov Trenin in Atlantic City Gamblers zone.
12:39 of 3rd period - Cole Perfetti is hit by Xavier Bernard and loses puck.
12:50 of 3rd period - Xavier Bernard is hit by Cole Perfetti and loses puck.
13:19 of 3rd period - Wrist shot by Cole Perfetti.
13:19 of 3rd period - Stopped by Tuukka Rask with a rebound.
13:21 of 3rd period - Wrist shot by Bobby Brink.
13:21 of 3rd period - Shot Blocked by Cam Dineen.
13:23 of 3rd period - Slapshot by Wyatt Newpower.
13:23 of 3rd period - Stopped by Tuukka Rask with a rebound.
13:25 of 3rd period - Slapshot by Bobby Brink.
13:25 of 3rd period - Goal by Bobby Brink - Atlantic City Gamblers : 7 - Abbotsford Heat : 2.
13:26 of 3rd period - Cole Sillinger wins face-off versus Jean-Luc Foudy in neutral zone.
13:40 of 3rd period - Icing by Ryan Merkley.
13:41 of 3rd period - Lane Pederson wins face-off versus Luke Kunin in Abbotsford Heat zone.
14:07 of 3rd period - Rafael Harvey-Pinard is hit by Yegor Chinakhov and loses puck.
14:26 of 3rd period - Snap shot by Callan Foote.
14:26 of 3rd period - Deflect By Michael Anderson.
14:26 of 3rd period - Stopped by Dustin Wolf without a rebound.
14:27 of 3rd period - Yegor Chinakhov wins face-off versus Yakov Trenin in Abbotsford Heat zone.
14:48 of 3rd period - Minor Penalty to Boris Katchouk for Hooking.
14:49 of 3rd period - Yakov Trenin wins face-off versus Nils Hoglander in Atlantic City Gamblers zone.
16:31 of 3rd period - Ryan Merkley is hit by Yegor Chinakhov and loses puck.
16:48 of 3rd period - Penalty to Boris Katchouk is over, Boris Katchouk is back on ice.
17:10 of 3rd period - Wrist shot by Jacob Peterson.
17:10 of 3rd period - Stopped by Tuukka Rask without a rebound.
17:11 of 3rd period - Nick Henry wins face-off versus Benoit-Olivier Groulx in Atlantic City Gamblers zone.
19:41 of 3rd period - Slapshot by Thomas Harley.
19:41 of 3rd period - Shot Misses the Net.
19:52 of 3rd period - Vincent Desharnais is hit by Ronald Attard and loses puck.
Goals for this period are 1 for Atlantic City Gamblers vs 2 for Abbotsford Heat.
Shots for this period are 6 for Atlantic City Gamblers vs 11 for Abbotsford Heat.
Back to the Top